 Dungeon Crawl Stone Soup version 0.31.0-11-ge490571c62 (webtiles) character file.

Game seed: 17052394670219617710

798 Ashen the Magician (level 8, -14/58 HPs)
             Began as a Djinni Hedge Wizard on Jan 27, 2024.
             Was an Initiate of Makhleb.
             Shot with an arrow by a centaur (15 damage)
             ... on level 6 of the Dungeon.
             The game lasted 00:14:23 (5699 turns).

Ashen the Magician (Djinni Hedge Wizard)            Turns: 5699, Time: 00:14:23

Health: -14/58     AC:  4    Str:  9    XL:     8   Next: 13%
Gold:   296        EV: 13    Int: 18    God:    Makhleb [......] SH:  0 Dex: 13

rFire   + + .        s - +1 dagger (venom)
rCold   x . .        (no shield)
rNeg    . . .        b - +0 robe
rPois   ∞            v - +0 helmet
rElec   .            n - +0 cloak
rCorr   .            (no gloves)
SInv    .            (boots unavailable)
Will    .....        (no amulet)
Stlth   ++           (no ring)
HPRegen 0.29/turn    (no ring)
MPRegen 0.00/turn

%: infuse magic (-15 HP)
@: flying
A: sickness immunity, fire resistance 2, cold vulnerability 1, float, innate
caster, HP casting, extra vitality 1
a: Renounce Religion


You were on level 6 of the Dungeon.
You worshipped Makhleb.
Makhleb was noncommittal.
You visited 2 branches of the dungeon, and saw 7 of its levels.

You collected 296 gold pieces.

Inventory:

Hand Weapons
 m - a +2 dagger of freezing
 s - a +1 dagger of venom (weapon)
 w - the +1 dagger of Imbalance {freeze, rElec Str+2}
   (You found it on level 5 of the Dungeon)

   Str+2:     It affects your strength (+2).
   rElec:     It insulates you from electricity.
Armour
 b - a +0 robe (worn)
 n - a +0 cloak (worn)
 o - a +2 kite shield
 v - a +0 helmet (worn)
Jewellery
 x - a ring of positive energy
Talismans
 y - a storm talisman
Scrolls
 d - 3 scrolls of teleportation {unknown}
 e - 2 scrolls of enchant weapon {unknown}
 f - 2 scrolls of revelation {unknown}
 g - a scroll of poison {unknown}
 h - 2 scrolls of immolation {unknown}
 i - 2 scrolls of vulnerability {unknown}
 j - 2 scrolls of blinking {unknown}
 p - 2 scrolls of brand weapon {unknown}
 q - 5 scrolls of identify {unknown}
 r - 5 scrolls of noise {unknown}
 t - a scroll of enchant armour {unknown}
Potions
 a - a potion of berserk rage {unknown}
 c - a potion of invisibility {unknown}
 k - 3 potions of mutation {unknown}
 l - a potion of ambrosia {unknown}
 u - a potion of brilliance {unknown}
 z - a potion of curing {unknown}


   Skills:
 + Level 3.6 Fighting
 + Level 5.0 Dodging
 - Level 3.0 Stealth
 * Level 5.2 Spellcasting
 * Level 5.2 Conjurations
 * Level 5.2 Hexes
 * Level 5.2 Summonings
 * Level 5.2 Necromancy
 * Level 5.2 Translocations
 * Level 5.2 Fire Magic
 * Level 5.2 Ice Magic
 * Level 5.2 Air Magic
 * Level 5.2 Earth Magic
 * Level 5.2 Alchemy


You knew the following spells:

 Your Spells              Type           Power      Damage    Failure   Level
a - Magic Dart            Conj           92%        1d7       1%          1
b - Slow                  Hex            92%        N/A       1%          1
c - Blink                 Tloc           46%        N/A       2%          2
d - Call Imp              Summ           46%        N/A       2%          2
e - Mephitic Cloud        Conj/Alch/Air  23%        N/A       4%          3
f - Shock                 Conj/Air       92%        1d8       1%          1
g - Jinxbite              Hex            46%        N/A       2%          2
h - Stone Arrow           Conj/Erth      46%        3d9       4%          3
Your spell library was empty.

Dungeon Overview and Level Annotations

Branches:
Dungeon (6/15)             Temple (1/1) D:5

Altars:
Ashenzari
Cheibriados
Dithmenos
Elyvilon
Fedhas
Gozag
Hepliaklqana
Makhleb
Nemelex Xobeh
Okawaru
Qazlal
Ru
Uskayaw
Wu Jian
Yredelemnul
Zin
The Shining One

Annotations:
D:4 Grinder


Innate Abilities, Weirdness & Mutations

You are immune to sickness and miasma.
You are immune to poison.
Your flesh is very heat resistant. (rF++)
You are vulnerable to cold. (rC-)
You float through the air rather than walking.
You learn spells naturally, not from books.
Your magical power is your life essence.
You have superior vitality. (+4 MHP)


Message History

The orc is moderately wounded.
The orc hits you with a +2 mace of holy wrath!
You hit the orc but do no damage.
The orc looks as sick as possible!
The orc is heavily wounded.
You kill the orc!
Makhleb accepts your kill.
Things that are here:
a +2 mace of holy wrath; a +0 chain mail; an orc corpse An orc priest is nearby!
Casting: Stone Arrow (dangerous; 4% risk of failure)
Confirm with . or Enter, or press ? or * to list all spells.
Aiming: Stone Arrow (dangerous; 4% risk of failure)
Press: ? - help, Shift-Dir - straight line, f - orc priest
Aim: an orc priest, wielding a +0 dagger (wandering, hasn't noticed you, 71% to hit)
The stone arrow misses the orc priest.
The orc priest shouts!
You hear a shout! x2
The orc priest mumbles some strange prayers to Beogh against you.
Pain shoots through your body!
Casting: Stone Arrow (dangerous; 4% risk of failure)
Confirm with . or Enter, or press ? or * to list all spells.
Aiming: Stone Arrow (dangerous; 4% risk of failure)
Press: ? - help, Shift-Dir - straight line, f/p - orc priest
Aim: an orc priest, wielding a +0 dagger (71% to hit)
The stone arrow hits the orc priest!!
You kill the orc priest!
Makhleb accepts your kill.
* * * LOW HITPOINT WARNING * * *
You hear a shout! x2
Casting: Stone Arrow (dangerous; 4% risk of failure)
Confirm with . or Enter, or press ? or * to list all spells.
Aiming: Stone Arrow (dangerous; 4% risk of failure)
Press: ? - help, Shift-Dir - straight line, f - centaur
Aim: a centaur, wielding a +0 orcbow (83% to hit)
The stone arrow hits the centaur!
The centaur is heavily wounded.
* * * LOW HITPOINT WARNING * * *
The centaur shoots an arrow.
The arrow hits you!
* * * LOW HITPOINT WARNING * * *
The centaur shoots an arrow.
The arrow hits you!
You die...

..........#
#..........#
...........#
...........#
...........#
#..........#
#..........#
#..........#
#.......@..#
########)###
##...c.#
#..##### #.##
#'#
#...........#
#...........#
#..o........#


You could see a centaur.

Vanquished Creatures
  A black bear (D:4)
  2 bombardier beetles
  A hound (D:5)
  3 orc priests
  Crazy Yiuf (D:2)
  4 iguanas
  Jessica (D:2)
  Natasha (thrice) (D:2)
  2 orc wizards
  Robin (D:2)
  7 gnolls
  3 adders
  2 ufetubi (D:5)
  A ribbon worm (D:5)
  8 orcs
  7 ball pythons
  7 bats
  10 endoplasms
  2 giant cockroaches (D:3)
  21 goblins
  6 hobgoblins
  6 jackals
  11 kobolds
  5 quokkas
  6 frilled lizards
  6 rats
127 creatures vanquished.

Notes
Turn   | Place    | Note
-------+----------+-------------------------------------------
     0 | D:1      | Ashen the Djinni Hedge Wizard began the quest for the Orb.
     0 | D:1      | Ashen set off with the following spells memorised: Magic
                  | Dart, Slow, Blink, Call Imp, Mephitic Cloud.
     0 | D:1      | Reached XP level 1. HP: 15/15 MP: 0/0
   164 | D:1      | Reached XP level 2. HP: 21/21 MP: 0/0
   416 | D:1      | Reached XP level 3. HP: 14/25 MP: 0/0
   416 | D:1      | Learned a level 1 spell: Shock
   927 | D:2      | Found a runed translucent door.
   928 | D:2      | Noticed Crazy Yiuf
   943 | D:2      | Noticed Natasha
   951 | D:2      | HP: 1/26 [Natasha (4)]
   952 | D:2      | Killed Natasha
   953 | D:2      | Reached XP level 4. HP: 2/31 MP: 0/0
  1071 | D:2      | Found a stormy altar of Qazlal.
  1117 | D:2      | Noticed Natasha
  1124 | D:2      | Killed Natasha
  1125 | D:2      | Reached skill level 1 in Fighting
  1168 | D:2      | Noticed Jessica
  1184 | D:2      | Killed Jessica
  1185 | D:2      | Reached XP level 5. HP: 35/37 MP: 0/0
  1185 | D:2      | Learned a level 2 spell: Jinxbite
  1453 | D:2      | Noticed Natasha
  1464 | D:2      | Killed Natasha
  1634 | D:2      | Identified the +3 rapier "Odwykh" {drain, ^Drain rF+ rCorr
                  | Int+3 Stlth-}
  1705 | D:2      | Noticed Robin
  1732 | D:2      | Killed Robin
  2058 | D:2      | Killed Crazy Yiuf
  2059 | D:2      | Reached XP level 6. HP: 43/43 MP: 0/0
  3299 | D:4      | Reached XP level 7. HP: 6/49 MP: 0/0
  3299 | D:4      | Learned a level 3 spell: Stone Arrow
  3648 | D:4      | You are sucked into a shaft and drop 1 floor!
  3648 | D:5      | Entered Level 5 of the Dungeon
  3758 | D:4      | Noticed Grinder
  4110 | D:4      | Found a faded altar of an unknown god.
  4110 | D:4      | Found the Hermit's Pendant {Faith Invo=14 Evo=0 MP+5}
  4459 | D:5      | Reached skill level 5 in Spellcasting
  4459 | D:5      | Reached skill level 5 in Conjurations
  4459 | D:5      | Reached skill level 5 in Hexes
  4459 | D:5      | Reached skill level 5 in Summonings
  4459 | D:5      | Reached skill level 5 in Necromancy
  4459 | D:5      | Reached skill level 5 in Translocations
  4459 | D:5      | Reached skill level 5 in Fire Magic
  4459 | D:5      | Reached skill level 5 in Ice Magic
  4459 | D:5      | Reached skill level 5 in Air Magic
  4459 | D:5      | Reached skill level 5 in Earth Magic
  4459 | D:5      | Reached skill level 5 in Alchemy
  4701 | D:5      | Identified the +1 dagger of Imbalance {freeze, rElec Str+2}
  4782 | D:5      | Reached XP level 8. HP: 16/56 MP: 0/0
  4919 | D:5      | Found a glowing golden altar of the Shining One.
  5031 | D:5      | Reached skill level 5 in Dodging
  5109 | D:5      | Found a staircase to the Ecumenical Temple.
  5118 | Temple   | Entered the Ecumenical Temple
  5137 | Temple   | Became a worshipper of Makhleb the Destroyer
  5699 | D:6      | HP: 1/58 [centaur/arrow (12)]
  5699 | D:6      | Shot with an arrow by a centaur

Illustrated notes

Levels and vault maps discovered:
D:1:      minmay_arrival_pointy, layout_loops_ring
D:2:      layout_loops_ring, basic_altar, minmay_misc_feat_cross, uniq_robin,
          uniq_natasha, uniq_jessica, uniq_crazy_yiuf_cottage
D:3:      layout_basic, minmay_misc_feat_x, dk_noncrumbling_3,
          minmay_fractal_squares_5
D:4:      layout_loops_ring, nicolae_sif_muna_condensation,
          hellmonk_guarded_unrand_hermit, uniq_grinder
D:5:      layout_basic, tso_metal_star, temple_pool_b
D:6:      layout_basic
Temple:   minmay_temple_bridge_d

Skill      XL: |  1  2  3  4  5  6  7  8 |
---------------+-------------------------+-----
Stealth        | 2 3 |  3.0
Dodging        | 3 4 5 |  5.0
Fighting       | 1 2 3 |  3.6
Spellcasting   | 4 5 |  5.2
Conjurations   | 4 5 |  5.2
Hexes          | 4 5 |  5.2
Summonings     | 4 5 |  5.2
Necromancy     | 4 5 |  5.2
Translocations | 4 5 |  5.2
Fire Magic     | 4 5 |  5.2
Ice Magic      | 4 5 |  5.2
Air Magic      | 4 5 |  5.2
Earth Magic    | 4 5 |  5.2
Alchemy        | 4 5 |  5.2

Action                     |  1- 3 |  4- 6 |  7- 9 || total
---------------------------+-------+-------+-------++-------
  Melee: Dagger            |    23 |   150 |    34 ||   207
         Punch             |     1 |       |       ||     1
   Cast: Magic Dart        |    50 |    43 |     6 ||    99
         Mephitic Cloud    |       |    17 |       ||    17
         Stone Arrow       |       |       |    34 ||    34
Ability: Begin Untransform |       |       |     1 ||     1
    Use: Potion            |     1 |       |       ||     1
   Stab: Sleeping          |     3 |     2 |       ||     5
         Confused          |       |    12 |       ||    12
 Armour: Robe              |    15 |    60 |    26 ||   101
  Dodge: Dodged            |    18 |    88 |    25 ||   131
   Form: Storm             |       |       |     1 ||     1
